 Dungeon Crawl Stone Soup version 0.24-a0-284-g9fb9971df1 (webtiles) character file.

Game seed: 1554927263209381145

3 Redear the Insei (level 1, 0/13 HPs)
             Began as an Octopode Transmuter on May 4, 2019.
             Slain by an ooze (3 damage)
             ... on level 1 of the Dungeon.
             The game lasted 00:00:20 (71 turns).

Redear the Insei (Octopode Transmuter)                Turns: 71, Time: 00:00:21

Health: 0/13       AC:  1    Str:  9    XL:     1   Next: 50%
Magic:  2/3        EV: 13    Int: 15    God:
Gold:   11         SH:  0    Dex: 12    Spells: 3/4 levels left

rFire    . . .     SeeInvis .     - Unarmed
rCold    . . .     Gourm    .   (no shield)
rNeg     . . .     Faith    .   (helmet restricted)
rPois    .         Spirit   .   (no amulet)
rElec    .         Reflect  .   (no ring)
rCorr    .         Harm     .   (no ring)
MR       .....                  (no ring)
Stlth    ++........             (no ring)
HPRegen  0.04/turn              (no ring)
MPRegen  0.08/turn              (no ring)
                                (no ring)
                                (no ring)

@: appendage
A: almost no armour, stealthy swim, amphibious, 8 rings, constrict 8, tentacle
spike 3, camouflage 1, gelatinous body 1
a: End Transformation


You were on level 1 of the Dungeon.
You were not hungry.
One of your tentacles had a temporary spike.
You visited 1 branch of the dungeon, and saw 1 of its levels.

You collected 11 gold pieces.

Inventory:

Missiles
 a - 12 arrows
Scrolls
 b - a scroll of amnesia {unknown}
Comestibles
 z - a ration


   Skills:
 - Level 1.0 Fighting
 - Level 2.0 Dodging
 + Level 3.0 Unarmed Combat
 + Level 2.0 Spellcasting
 + Level 2.1 Transmutations


You had 3 spell levels left.
You knew the following spells:

 Your Spells              Type           Power        Failure   Level  Hunger
a - Beastly Appendage     Tmut           #.....       10%         1    #......

Your spell library contained the following spells:

 Spells                   Type           Power        Failure   Level  Hunger
 Sticks to Snakes         Tmut           #.......     14%         2    ###....
 Spider Form              Tmut/Pois      #.........   41%         3    ###....
 Ice Form                 Ice/Tmut       #.......     82%         4    #####..
 Blade Hands              Tmut           #.........   95%         5    ######.


Dungeon Overview and Level Annotations

Branches:
Dungeon (1/15)

Altars:


Innate Abilities, Weirdness & Mutations

You cannot wear most types of armour.
You are very stealthy in the water. (Stealth+)
You are amphibious.
You can wear up to eight rings at the same time.
You can use your tentacles to constrict eight enemies at once.
Your skin changes colour to match your surroundings (Stealth+).
Your rubbery body absorbs attacks. (AC +1, EV +1)
One of your tentacles bears a large vicious spike.


Message History

You barely miss the hobgoblin. You grab the hobgoblin.
You constrict the hobgoblin, but do no damage.
The hobgoblin closely misses you.
You release your grip on the hobgoblin.
Casting: Beastly Appendage (safe; 10% risk of failure)
Confirm with . or Enter, or press ? or * to list all spells.
One of your tentacles grows a vicious spike.
The hobgoblin hits you. The hobgoblin hits you with a +0 club.
You take 7 damage, and have 5/13 hp.
MASSIVE DAMAGE!!
You now have 2/3 mp.
You tentacle-slap the hobgoblin. Your grab misses the hobgoblin.
Your tentacle spike misses the hobgoblin.
The hobgoblin is almost dead.
The hobgoblin misses you. The hobgoblin hits you with a +0 club.
* * * LOW HITPOINT WARNING * * *
You take 2 damage, and have 3/13 hp.
You tentacle-slap the hobgoblin.
You kill the hobgoblin!
The hobgoblin barely misses you. The ooze hits you.
You die...

.................#
..#.#............# .
#.#.##†........# .. #...
#......####
##.#######......#
..........+.[....#
..........##g.....######
..........##KJ...........
#..........##@...#########
...........##....#
.............#.....#
...##..>.....#.....#
...................#
..........####....###
#..................#
##.................# ##
#................[.#


You could see an ooze, a hobgoblin and a kobold.

Vanquished Creatures
  A bat (D:1)
  A hobgoblin (D:1)
  A kobold (D:1)
3 creatures vanquished.

Notes
Turn   | Place    | Note
-------+----------+-------------------------------------------
     0 | D:1      | Redear the Octopode Transmuter began the quest for the Orb.
     0 | D:1      | Reached XP level 1. HP: 13/13 MP: 3/3
    71 | D:1      | Slain by an ooze

Levels and vault maps discovered:
D:1:      saegor_arrival_miasma, layout_basic

Action                   || total
-------------------------++-------
Melee: Unarmed           ||     8
       Constrict         ||     2
 Cast: Beastly Appendage ||     1
Armor: Skin              ||     2
Dodge: Dodged            ||     8

Table legend:
 A = Non-vault XP
 B = Vault XP
 C = Vault XP percentage of total XP
 D = Non-vault monster count
 E = Vault monster count
 F = Vault count percentage of total count
                 A         B        C        D         E       F
            +---------+---------+-------+---------+---------+-------
      Total |       5 |       0 |   0.0 |       3 |       0 |   0.0
            +---------+---------+-------+---------+---------+-------
        D:1 |       5 |       0 |   0.0 |       3 |       0 |   0.0
            +---------+---------+-------+---------+---------+-------
